 Dungeon Crawl Stone Soup version 0.25-b1-46-gb8a1ec05df (webtiles) character file.

Game seed: 5506399781025212555

23930 nikku the Fighter (level 12, -7/103 HPs)
             Began as a Demonspawn Berserker on June 9, 2020.
             Was a Priest of Trog.
             Mangled by a 16-headed hydra (8 damage)
             ... on level 2 of the Lair of Beasts.
             The game lasted 00:54:42 (12111 turns).

nikku the Fighter (Demonspawn Berserker)           Turns: 12111, Time: 00:54:43

Health: -7/103     AC: 25    Str: 24    XL:     12   Next: 76%
Magic:  12/12      EV: 13    Int: 19    God:    Trog [***...]
Gold:   454        SH:  5    Dex: 15    Spells: 11/11 levels left

rFire    + . .     SeeInvis .   O - +4 war axe
rCold    + . .     Gourm    .   e - +0 buckler
rNeg     . . .     Faith    +   u - +0 plate armour
rPois    +         Spirit   .   B - +0 helmet
rElec    .         Reflect  .   k - +1 cloak
rCorr    +         Harm     .   K - +1 pair of gloves of Soft Rains {rPois rC+ rCorr Int+5}
MR       +....                  L - +2 pair of boots
Stlth    ..........             y - amulet of faith
HPRegen  0.27/turn              a - ring "Duavigyl" {MR+ Str+3 Int+6}
MPRegen  0.13/turn              l - ring of protection from fire

@: agile, about to teleport, berserk cooldown, slowed, very slow
A: talons 2, powered by pain 2, spiny 1
a: Berserk, Trog's Hand, Renounce Religion


You were on level 2 of the Lair of Beasts.
You worshipped Trog.
Trog was most pleased with you.
You were hungry.

You visited 2 branches of the dungeon, and saw 14 of its levels.

You collected 892 gold pieces.
You spent 438 gold pieces at shops.

Inventory:

Hand Weapons
 w - a +1 broad axe
 O - a +4 war axe (weapon)
Missiles
 f - 12 curare-tipped darts
 j - 63 poisoned darts (quivered)
 q - 6 datura-tipped darts
 t - 5 javelins
Armour
 e - a +0 buckler (worn)
 k - a +1 cloak (worn)
 u - a +0 plate armour (worn)
 B - a +0 helmet (worn)
 K - the +1 pair of gloves of Soft Rains (worn) {rPois rC+ rCorr Int+5}
   (You bought it in a shop on level 11 of the Dungeon)

   It affects your intelligence (+5).
   It protects you from cold.
   It protects you from poison.
   It provides partial protection from all sources of acid and corrosion.
 L - a +2 pair of boots (worn)
Jewellery
 a - the ring "Duavigyl" (left hand) {MR+ Str+3 Int+6}
   (You found it on level 5 of the Dungeon)

   [ring of intelligence]

   It affects your strength (+3).
   It affects your intelligence (+6).
   It affects your resistance to hostile enchantments.
 l - a ring of protection from fire (right hand)
 v - an uncursed amulet of regeneration
 y - an amulet of faith (around neck)
 T - an uncursed amulet of the acrobat
Wands
 i - a wand of clouds (3)
 C - a wand of acid (18)
 E - a wand of iceblast (15)
 P - a wand of disintegration (11)
 R - a wand of paralysis (7)
 S - a wand of polymorph (7)
Scrolls
 b - 4 scrolls of teleportation
 h - 6 scrolls of remove curse
 o - 2 scrolls of fear
 G - a scroll of blinking
Potions
 d - 2 potions of mutation
 g - a potion of brilliance {unknown}
 m - a potion of cancellation
 n - 5 potions of curing
 p - a potion of heal wounds
 r - 3 potions of haste
 s - 2 potions of ambrosia {unknown}
 x - a potion of resistance {unknown}
 z - a potion of invisibility {unknown}
 A - a potion of lignification {unknown}
 D - a potion of stabbing {unknown}
 F - a potion of flight {unknown}
 N - a potion of might {unknown}
Miscellaneous
 I - a phantom mirror
Comestibles
 c - 26 rations
 H - 2 chunks of flesh


   Skills:
 * Level 12.4 Fighting
 * Level 11.5 Axes
 * Level 11.4 Armour
 - Level 1.7 Dodging
 - Level 4.0 Shields


You had 11 spell levels left.
You didn't know any spells.
Your spell library was empty.

Dungeon Overview and Level Annotations

Branches:
Dungeon (12/15)            Temple (0/1) D:5            Lair (2/6) D:9
    Orc (0/2) D:10
  Swamp: Lair:2-4    Shoals: Lair:2-4     Snake: Lair:2-4    Spider: Lair:2-4

Altars:
Ashenzari
The Shining One

Shops:
D:11 *

Portals:
Trove: D:12 (show abyssal rune of Zot)

Annotations:
D:5 2 transporters
D:9 exclusion: downstairs
D:10 2 transporters, hjaiej13's ghost, novice DrCj


Innate Abilities, Weirdness & Mutations

You have razor-sharp toenails.
You sometimes gain power by taking damage.
You are partially covered in sharp spines.


Message History

The 16-headed hydra closely misses you. The 16-headed hydra barely misses you.
The 16-headed hydra bites you but does no damage. x2
The 16-headed hydra bites you.
* * * LOW HITPOINT WARNING * * *
The 16-headed hydra bites you but does no damage.
You block the 16-headed hydra's attack. The 16-headed hydra bites you.
* * * LOW HITPOINT WARNING * * *
The 16-headed hydra bites you but does no damage. x2
The 16-headed hydra closely misses you.
The 16-headed hydra bites you but does no damage. x3
As you read the scroll of teleportation, it crumbles to dust.
You feel strangely unstable.
The 16-headed hydra is struck by your spines.
The 16-headed hydra bites you but does no damage. x3
The 16-headed hydra completely misses you.
The 16-headed hydra bites you but does no damage.
The 16-headed hydra barely misses you. The 16-headed hydra bites you.
* * * LOW HITPOINT WARNING * * *
The 16-headed hydra bites you!
You die...

##....P..#.........
##...####..........
#P....# ###........
##.).## #........
#.....# #........
##...## #....#...
#...## #....##..
#...P#####D...# .≈
#....##.##@..##
#............#
#............##
#.............#
#..÷###PP....##
....≈ ##...#
####...# .......
#P...#
#...###........
##...#
#....##........
#...)#
#.....#........


You could see a 16-headed hydra.

Vanquished Creatures
  Harold (D:11)
  Erica (Lair:2)
  A centaur warrior (D:12)
  4 two-headed ogres
  A cyclops (D:11)
  Maurice (D:11)
  An ugly thing (D:11)
  2 spiny frogs (Lair:1)
  2 kobold demonologists (D:11)
  2 komodo dragons (Lair:1)
  An efreet (D:12)
  3 trolls
  A queen bee (D:8)
  3 hippogriffs
  5 slime creatures (D:12)
  A wyvern (D:12)
  A vampire (D:12)
  23 yaks
  A wraith (D:11)
  A basilisk (D:10)
  A hungry ghost (D:12)
  2 wargs (D:9)
  3 water moccasins
  3 porcupines
  3 orc warriors
  An eye of draining (D:12)
  2 ice beasts
  6 ogres
  2 sky beasts
  3 black bears
  2 phantoms
  10 centaurs
  2 crocodiles
  4 big kobolds
  12 bullfrogs
  A gnoll sergeant (D:10)
  A wyvern zombie (D:11)
  11 scorpions
  29 killer bees
  5 wights (D:12)
  6 howler monkeys
  7 crimson imps
  A quasit (D:9)
  9 orc priests
  A bullfrog zombie (D:10)
  5 hounds
  3 bullfrog skeletons
  A gnoll shaman (D:7)
  A jelly (D:11)
  7 orc wizards
  4 centaur skeletons
  2 iguanas
  3 worker ants
  2 hound zombies
  2 worker ant zombies
  12 gnolls
  10 adders
  3 shadow imps
  2 oozes (D:3)
  An adder skeleton (D:9)
  A dart slug (D:1)
  9 leopard geckos
  30 orcs
  A ball python (D:3)
  5 giant cockroaches
  7 goblins
  7 hobgoblins
  11 jackals
  22 kobolds
  2 quokkas
  17 bats
  6 frilled lizards
  A quokka skeleton (D:5)
  A quokka zombie (D:7)
  5 rats
  5 fungi (D:6)
371 creatures vanquished.

Vanquished Creatures (collateral kills)
  Urug (D:10)
  Nergalle (D:10)
  An oklob plant (Lair:1)
  A centaur zombie (D:10)
  2 kobolds (D:10)
  2 bushes (Lair:1)
8 creatures vanquished.

Vanquished Creatures (others)
  A fungus (D:6)
1 creature vanquished.

Grand Total: 380 creatures vanquished

Notes
Turn   | Place    | Note
-------+----------+-------------------------------------------
     0 | D:1      | nikku the Demonspawn Berserker began the quest for the Orb.
     0 | D:1      | Reached XP level 1. HP: 18/18 MP: 1/1
   118 | D:1      | Gained mutation: You are partially covered in sharp spines.
                  | [demonic ancestry]
   118 | D:1      | Reached XP level 2. HP: 23/24 MP: 2/2
   218 | D:1      | Found a glowing golden altar of the Shining One.
   562 | D:1      | Reached ** piety under Trog
   562 | D:1      | Reached XP level 3. HP: 22/29 MP: 3/3
  1009 | D:2      | Reached XP level 4. HP: 23/37 MP: 4/4
  1406 | D:2      | Noticed a bullfrog
  1419 | D:2      | Killed a bullfrog
  1419 | D:2      | Reached XP level 5. HP: 21/42 MP: 5/5
  1784 | D:3      | Reached skill level 4 in Fighting
  1953 | D:3      | Reached skill level 1 in Shields
  2153 | D:3      | Gained mutation: You have sharp toenails. [demonic
                  | ancestry]
  2153 | D:3      | Reached XP level 6. HP: 39/49 MP: 6/6
  2442 | D:3      | Reached *** piety under Trog
  3179 | D:4      | Reached skill level 5 in Fighting
  3179 | D:4      | Gained mutation: You sometimes gain a little power by
                  | taking damage. [demonic ancestry]
  3179 | D:4      | Reached XP level 7. HP: 51/56 MP: 7/7
  3504 | D:5      | Entered Level 5 of the Dungeon
  3582 | D:5      | Reached skill level 5 in Axes
  3845 | D:5      | Found a staircase to the Ecumenical Temple.
  4013 | D:5      | Found a transporter.
  4014 | D:5      | Noticed a yak
  4015 | D:5      | Found a transporter.
  4020 | D:5      | Found a shattered altar of Ashenzari.
  4110 | D:5      | Got a warped iron ring
  4111 | D:5      | Identified the ring "Duavigyl" {MR+ Str+3 Int+6} (You found
                  | it on level 5 of the Dungeon)
  4123 | D:5      | Reached XP level 8. HP: 64/64 MP: 8/8
  4347 | D:6      | Reached skill level 5 in Armour
  4368 | D:6      | Reached skill level 6 in Fighting
  4801 | D:6      | Reached XP level 9. HP: 71/71 MP: 9/9
  5054 | D:7      | Reached skill level 7 in Fighting
  5353 | D:7      | Reached **** piety under Trog
  5793 | D:8      | Reached skill level 8 in Fighting
  6039 | D:8      | Reached XP level 10. HP: 69/82 MP: 10/10
  6202 | D:8      | Reached ***** piety under Trog
  6448 | D:9      | Noticed a two-headed ogre
  6478 | D:9      | Killed a two-headed ogre
  6478 | D:9      | Reached skill level 9 in Fighting
  6578 | D:9      | Noticed a two-headed ogre
  6589 | D:9      | Killed a two-headed ogre
  6653 | D:9      | Found a staircase to the Lair.
  7065 | D:10     | Entered Level 10 of the Dungeon
  7065 | D:10     | Noticed Urug
  7297 | D:9      | Gained mutation: You sometimes gain power by taking damage.
                  | [demonic ancestry]
  7297 | D:9      | Reached XP level 11. HP: 86/90 MP: 11/11
  7321 | D:10     | Reached skill level 10 in Fighting
  7447 | D:10     | Killed Urug
  7464 | D:10     | Noticed hjaiej13's ghost (novice DrCj)
  7465 | D:10     | Found a transporter.
  7601 | D:10     | Found a staircase to the Orcish Mines.
  7920 | D:10     | Noticed Nergalle
  7929 | D:10     | Killed Nergalle
  8097 | D:10     | Found a transporter.
  8145 | D:11     | Found Qikopt's General Store.
  8145 | D:11     | Noticed Harold
  8168 | D:11     | Killed Harold
  8184 | D:11     | Bought the +1 pair of gloves of Soft Rains {rPois rC+ rCorr
                  | Int+5} for 438 gold pieces
  8239 | D:11     | Noticed Maurice
  8246 | D:11     | Killed Maurice
  8414 | D:11     | Reached skill level 10 in Axes
  8703 | D:11     | Noticed a two-headed ogre
  8712 | D:11     | Killed a two-headed ogre
  8792 | D:11     | Reached skill level 10 in Armour
  8896 | D:11     | Reached skill level 11 in Fighting
  8930 | D:11     | Noticed a purple ugly thing
  8945 | D:11     | Killed a purple ugly thing
  9709 | D:12     | Noticed a centaur warrior
  9718 | D:12     | Killed a centaur warrior
  9718 | D:12     | Gained mutation: You have razor-sharp toenails. [demonic
                  | ancestry]
  9718 | D:12     | Reached XP level 12. HP: 97/100 MP: 12/12
  9825 | D:12     | Noticed a two-headed ogre
  9847 | D:12     | Killed a two-headed ogre
 10366 | D:12     | Found a portal to a secret trove of treasure.
 10967 | Lair:1   | Entered Level 1 of the Lair of Beasts
 11111 | Lair:1   | Reached skill level 12 in Fighting
 12020 | Lair:2   | Noticed Erica
 12029 | Lair:2   | Killed Erica
 12083 | Lair:2   | Noticed a four-headed hydra
 12109 | Lair:2   | HP: 5/103 [16-headed hydra (1)]
 12111 | Lair:2   | HP: 1/103 [16-headed hydra (5)]
 12111 | Lair:2   | Mangled by a 16-headed hydra

Illustrated notes

Levels and vault maps discovered:
D:1:      wander_arrival_fairy_ring, layout_basic,
          hangedman_abyss_or_decor_stabs, tso_metal_star
D:2:      layout_loops_ring
D:3:      layout_rooms
D:4:      layout_gridville, first_ration
D:5:      layout_loops_ring, gammafunk_temple_overflow_arena,
          minmay_temple_entry_mist, minmay_crystal_room, hangedman_decor_lopped
D:6:      old_forge, layout_rooms, serial_curves, eino_curves_04, eino_curves_01
D:7:      layout_loops_cross
D:8:      layout_rooms, david_nohive_1
D:9:      layout_roguey, erik_lair_orcish_takeover
D:10:     layout_cave_pods, orc_0_dummy, gammafunk_ghost_mausoleum,
          uniq_nergalle, uniq_urug
D:11:     layout_cave_pods, serial_shops, shop_coins,
          kennysheep_generic_room_10, uniq_harold, uniq_maurice
D:12:     layout_stronghold, nicolae_trove_entry_crystal
Lair:1:   layout_misc_corridors, minmay_lair_oklob_bushes, grunt_megastairs_3
Lair:2:   layout_long_grid, beast_lair_carwin_11, lemuel_fruit_fields,
          infiniplex_staircase_pool_2, uniq_sonja, uniq_erica

Skill      XL: |  1  2  3  4  5  6  7  8  9 10 11 12 |
---------------+-------------------------------------+-----
Armour         | 2 3 4 6 7 9 10 11 | 11.4
Axes           | 3 4 5 6 7 9 10 11 | 11.5
Fighting       | 4 5 6 8 9 11 12 | 12.4
Shields        | 1 2 3 4 |  4.0
Dodging        | |  1.7

Action                   |  1- 3 |  4- 6 |  7- 9 | 10-12 || total
-------------------------+-------+-------+-------+-------++-------
Melee: Hand axe          |    96 |   130 |    64 |       ||   290
       Kick              |       |    16 |    84 |    84 ||   184
       Broad axe         |       |       |   180 |   375 ||   555
       War axe           |       |       |       |   117 ||   117
Throw: Dart              |       |    65 |    56 |   132 ||   253
Invok: Trog's Hand       |       |     5 |     5 |    19 ||    29
       Berserk           |       |     3 |     2 |    11 ||    16
       Brothers in Arms  |       |       |       |     3 ||     3
Evoke: Wand              |       |       |       |     4 ||     4
  Use: Scroll            |     4 |     3 |     8 |     6 ||    21
 Stab: Sleeping          |     1 |       |       |       ||     1
       Held in net/web   |       |       |     1 |       ||     1
       Distracted        |       |       |       |     1 ||     1
  Eat: Chunk             |       |    12 |    13 |    36 ||    61
       Ration            |       |       |       |     1 ||     1
Armor: Ring mail         |    31 |    32 |     2 |       ||    65
       Animal skin       |     1 |       |       |       ||     1
       Chain mail        |       |       |   107 |   124 ||   231
       Plate armour      |       |       |       |   177 ||   177
Dodge: Dodged            |    57 |    57 |   101 |   215 ||   430
Block: Buckler           |     1 |    19 |    57 |   145 ||   222
